 Dungeon Crawl Stone Soup version 0.25-a0-589-g1e14c549ee (webtiles) character file.

Game seed: 16316265966763989305, levelgen mode: deterministic

3560 Kohma the Spear-Bearer (level 9, 0/68 HPs)
             Began as a Demonspawn Gladiator on Mar 11, 2020.
             Was an Initiate of Makhleb.
             Shot with a bolt by an orc warrior (29 damage)
             ... in a bailey.
             The game lasted 00:21:37 (7007 turns).

Kohma the Spear-Bearer (Demonspawn Gladiator)       Turns: 7007, Time: 00:21:37

Health: 0/68       AC:  9    Str: 16    XL:     9   Next: 83%
Magic:  3/3        EV: 11    Int: 20    God:    Makhleb [......]
Gold:   342        SH:  0    Dex: 15    Spells: 8/8 levels left

rFire    . . .     SeeInvis +   a - +0 arbalest
rCold    . . .     Gourm    .   (shield currently unavailable)
rNeg     . . .     Faith    .   k - +3 scale mail
rPois    +         Spirit   .   (helmet restricted)
rElec    .         Reflect  .   (no cloak)
rCorr    .         Harm     .   (no gloves)
MR       .....                  (no boots)
Stlth    ..........             (no amulet)
HPRegen  0.21/turn              x - ring of the Leaf {+Blink rPois MP-9 Int+3 SInv}
MPRegen  0.08/turn              h - +6 ring of intelligence

@: mighty
A: horns 1, powered by death 2, powered by pain 2
a: Renounce Religion, Evoke Blink


You were in a bailey.
You worshipped Makhleb.
Makhleb was noncommittal.
You were hungry.

You visited 1 branch of the dungeon, and saw 7 of its levels.
You also visited: Ossuary and Bailey.

You collected 342 gold pieces.

Inventory:

Hand Weapons
 a - a +0 arbalest (weapon)
 b - a +2 trident of venom
 A - a +2 glaive of protection
Missiles
 d - 3 throwing nets
 n - 31 bolts (quivered)
 v - 39 poisoned darts
Armour
 c - a +1 helmet
 e - a +0 ring mail
 g - a +0 leather armour
 k - a +3 scale mail (worn)
 m - a +1 robe of the Archmagi
 u - a cursed +0 ring mail
Jewellery
 h - a +6 ring of intelligence (right hand)
 x - the ring of the Leaf (left hand) {+Blink rPois MP-9 Int+3 SInv}
   (You found it on level 6 of the Dungeon)

   [ring of see invisible]

   It affects your intelligence (+3).
   It protects you from poison.
   It affects your magic capacity (-9).
   It lets you see invisible.
   It lets you blink.
Wands
 t - a wand of digging (4)
Scrolls
 l - 3 scrolls of teleportation
 o - 2 scrolls of fear
 w - 4 scrolls of remove curse
 y - 3 scrolls of enchant weapon
 B - 4 scrolls of identify
Potions
 i - 3 potions of curing
 j - a potion of resistance
 p - 4 potions of lignification
 q - a potion of brilliance
 r - a potion of cancellation {unknown}
 s - a potion of berserk rage {unknown}
 z - a potion of mutation {unknown}
 D - 3 potions of haste {unknown}
Comestibles
 f - 8 rations


   Skills:
 + Level 5.2 Fighting
 + Level 11.0 Polearms
 - Level 1.7 Throwing
 - Level 3.5 Armour
 - Level 3.0 Dodging
 + Level 4.0 Evocations


You had 8 spell levels left.
You didn't know any spells.
Your spell library contained the following spells:

 Spells                   Type           Power        Failure   Level  Hunger
 Magic Dart               Conj           #...         54%         1    ##.....
 Searing Ray              Conj           #.....       69%         2    ###....
 Dazzling Flash           Conj/Hex       #.....       89%         3    ####...
 Fulminant Prism          Conj/Hex       #.........   100%        4    #####..
 Iskenderun's Mystic Bla  Conj/Tloc      #.......     100%        4    #####..


Dungeon Overview and Level Annotations

Branches:
Dungeon (7/15)            Ossuary (visited)          Bailey (1/1)
 Temple: D:4-7

Altars:
Ashenzari
Cheibriados
Dithmenos
Makhleb
Nemelex Xobeh
Okawaru
Ru
Sif Muna
Wu Jian
The Shining One

Annotations:
D:3 Sigmund


Innate Abilities, Weirdness & Mutations

You have a pair of small horns on your head.
You regenerate health from kills.
You sometimes gain power by taking damage.


Message History

You see here a bolt.
Firing (i - inventory. (/) - cycle)
n - 34 bolts (quivered)
Press: ? - help, Shift-Dir - straight line, f - orc warrior
Aim: an orc warrior, wielding a +0 arbalest, wearing a +0 ring mail and quivering 20 bolts You shoot a bolt.
The bolt closely misses the orc warrior.
The orc warrior shoots a bolt.
The bolt hits you but does no damage.
The orc warrior shoots a bolt.
The bolt hits you.
Firing (i - inventory. (/) - cycle)
n - 33 bolts (quivered)
Press: ? - help, Shift-Dir - straight line, f/p - orc warrior
Aim: an orc warrior, wielding a +0 arbalest, wearing a +0 ring mail and quivering 18 bolts You shoot a bolt.
The bolt closely misses the orc warrior.
The orc warrior shoots a bolt.
The bolt hits you!
Firing (i - inventory. (/) - cycle)
n - 32 bolts (quivered)
Press: ? - help, Shift-Dir - straight line, f/p - orc warrior
Aim: an orc warrior, wielding a +0 arbalest, wearing a +0 ring mail and quivering 17 bolts You shoot a bolt.
The bolt barely misses the orc warrior.
The orc warrior shoots a bolt.
The bolt hits you!!
You die...

########################
........................
........................
........................
................@.......
........................
........................
≈≈≈≈≈≈≈≈≈≈≈≈≈≈≈≈≈≈≈≈≈≈≈≈
≈≈#.#≈≈≈≈≈≈≈≈≈≈≈≈≈≈≈≈≈≈≈
≈##.##≈≈≈≈≈≈≈≈≈≈≈≈≈≈≈≈≈#
≈..^..≈≈≈≈≈≈≈≈≈≈≈≈≈≈≈≈≈o
≈##.∩#≈≈≈≈≈≈≈≈≈≈≈≈≈≈≈≈≈#
≈≈#)#≈≈≈≈≈≈#


You could see an orc warrior.

Vanquished Creatures
  A hippogriff (D:7)
  A wraith (Ossuary)
  A hungry ghost (D:7)
  7 orc warriors
  5 ogres
  2 ice beasts
  4 phantoms
  A centaur (D:5)
  Blork the orc (D:5)
  2 bullfrogs
  A scorpion (D:6)
  A water moccasin skeleton (D:5)
  A bullfrog zombie (D:7)
  2 crimson imps (D:6)
  A centaur zombie (D:6)
  2 hounds
  2 centaur skeletons
  A bullfrog skeleton (D:7)
  6 orc priests
  3 iguanas
  4 worker ants
  7 orc wizards
  A hound zombie (D:7)
  A hound skeleton (D:6)
  A mummy (Ossuary)
  Robin (D:3)
  A howler monkey skeleton (D:5)
  7 gnolls
  10 adders
  5 oozes
  A worm (D:5)
  2 dart slugs
  4 leopard geckos
  19 orcs
  3 ball pythons
  7 giant cockroaches
  6 gnoll skeletons (Ossuary)
  17 goblins
  6 hobgoblins
  5 bats
  5 frilled lizards
  6 kobolds
  6 kobold skeletons (Ossuary)
  13 orc skeletons (Ossuary)
  6 rats
189 creatures vanquished.

Notes
Turn   | Place    | Note
-------+----------+-------------------------------------------
     0 | D:1      | Kohma the Demonspawn Gladiator began the quest for the Orb.
     0 | D:1      | Reached XP level 1. HP: 16/16 MP: 1/1
    90 | D:1      | Reached skill level 3 in Polearms
   112 | D:1      | Gained mutation: You regenerate a little health from kills.
                  | [demonic ancestry]
   112 | D:1      | Reached XP level 2. HP: 20/22 MP: 2/2
   619 | D:2      | Found a sacrificial altar of Ru.
   681 | D:2      | Reached XP level 3. HP: 27/27 MP: 3/3
   763 | D:2      | Found an ornate altar of the Wu Jian Council.
   780 | D:2      | Reached skill level 1 in Armour
  1125 | D:3      | Noticed Sigmund
  1199 | D:2      | Reached XP level 4. HP: 30/33 MP: 4/4
  1211 | D:3      | Reached skill level 4 in Polearms
  1321 | D:3      | Gained mutation: You sometimes gain a little power by
                  | taking damage. [demonic ancestry]
  1321 | D:3      | Reached XP level 5. HP: 37/38 MP: 5/5
  1335 | D:3      | Noticed Robin
  1348 | D:3      | Killed Robin
  1432 | D:3      | Found a sparkling altar of Nemelex Xobeh.
  1793 | D:4      | Noticed a phantom
  1819 | D:4      | Killed a phantom
  1819 | D:4      | Reached skill level 5 in Polearms
  1819 | D:4      | Gained mutation: You regenerate health from kills. [demonic
                  | ancestry]
  1819 | D:4      | Reached XP level 6. HP: 39/44 MP: 6/6
  1866 | D:4      | Found an iron altar of Okawaru.
  2048 | D:4      | Reached skill level 6 in Polearms
  2048 | D:4      | Gained mutation: You sometimes gain power by taking damage.
                  | [demonic ancestry]
  2048 | D:4      | Reached XP level 7. HP: 50/50 MP: 7/7
  2261 | D:5      | Entered Level 5 of the Dungeon
  2308 | D:5      | Found a snail-covered altar of Cheibriados.
  2414 | D:5      | Noticed Blork the orc
  2419 | D:5      | Killed Blork the orc
  2419 | D:5      | Reached skill level 7 in Polearms
  2584 | D:5      | Reached skill level 8 in Polearms
  2584 | D:5      | Reached XP level 8. HP: 38/56 MP: 8/8
  2643 | D:5      | Found a shadowy altar of Dithmenos.
  3122 | D:6      | Reached skill level 9 in Polearms
  3345 | D:6      | Reached skill level 10 in Polearms
  3369 | D:6      | Got a pitted bone ring
  3759 | D:6      | Gained mutation: You have a pair of small horns on your
                  | head. [demonic ancestry]
  3759 | D:6      | Reached XP level 9. HP: 61/62 MP: 9/9
  4216 | D:7      | Identified the ring of the Leaf {+Blink rPois MP-9 Int+3
                  | SInv} (You found it on level 6 of the Dungeon)
  4243 | D:7      | Found a shattered altar of Ashenzari.
  4404 | D:7      | Found a sand-covered staircase.
  4449 | Ossuary  | Entered an ossuary
  4462 | Ossuary  | Reached skill level 1 in Evocations
  4808 | D:7      | Found a faded altar of an unknown god.
  4808 | D:7      | Found a glowing golden altar of the Shining One.
  4814 | D:7      | Found a shimmering blue altar of Sif Muna.
  4816 | D:7      | Found a burning altar of Makhleb.
  4818 | D:7      | Found a faded altar of an unknown god.
  4822 | D:7      | Became a worshipper of Makhleb the Destroyer
  4930 | D:7      | Found a flagged portal.
  4940 | Bailey   | Entered a bailey
  6724 | Bailey   | Reached skill level 5 in Fighting
  6871 | Bailey   | Reached skill level 11 in Polearms
  7007 | Bailey   | Shot with a bolt by an orc warrior

Levels and vault maps discovered:
D:1:      mrwooster_arrival_statue, layout_rooms
D:2:      layout_rooms, nicolae_overflow_crystal_walls, nicolae_ru_awakened_eye
D:3:      layout_rooms, old_standard_altar, minmay_misc_feat_plants, uniq_robin,
          uniq_jessica, uniq_sigmund
D:4:      layout_basic, okawaru_trees_2, first_ration
D:5:      layout_loops_ring, grunt_dithmenos_smoke, cheibrodos_worm_habitat,
          uniq_blork_the_orc
D:6:      layout_basic, grunt_ministairs_15, kennysheep_generic_room_7
D:7:      layout_cave_pods, vehumet_crystals,
          chequers_temple_overflow_minitemple,
          minmay_temple_entry_enclosed_plants, basic_altar, enter_bailey_6,
          nicolae_ossuary_entry_ruins, evilmike_ruin_ashenzari
Bailey:   bailey_polearm_2, bailey

Skill      XL: |  1  2  3  4  5  6  7  8  9 |
---------------+----------------------------+-----
Polearms       | 3 4 5 6 8 10 11 | 11.0
Dodging        | 3 |  3.0
Armour         | 1 2 3 |  3.5
Fighting       | 5 |  5.2
Evocations     | 4 |  4.0
Throwing       | |  1.7

Action                   |  1- 3 |  4- 6 |  7- 9 || total
-------------------------+-------+-------+-------++-------
Melee: Trident           |   100 |   142 |    70 ||   312
       Glaive            |       |       |   300 ||   300
       Headbutt          |       |       |    28 ||    28
 Fire: Arbalest          |       |       |    46 ||    46
  Use: Scroll            |       |    11 |     6 ||    17
       Potion            |       |       |     5 ||     5
  Eat: Chunk             |     1 |     3 |    18 ||    22
       Ration            |       |       |     1 ||     1
Armor: Ring mail         |    21 |       |       ||    21
       Scale mail        |    43 |    51 |   197 ||   291
Dodge: Dodged            |    48 |    70 |   243 ||   361

Table legend:
 A = Non-vault XP
 B = Vault XP
 C = Vault XP percentage of total XP
 D = Non-vault monster count
 E = Vault monster count
 F = Vault count percentage of total count
                 A         B        C        D         E       F
            +---------+---------+-------+---------+---------+-------
      Total |    4000 |    1086 |  21.4 |     136 |      53 |  28.0
            +---------+---------+-------+---------+---------+-------
        D:1 |      33 |       0 |   0.0 |      18 |       0 |   0.0
        D:2 |      69 |       0 |   0.0 |      19 |       0 |   0.0
        D:3 |     212 |      35 |  14.2 |      25 |      11 |  30.6
        D:4 |     440 |       0 |   0.0 |       8 |       0 |   0.0
        D:5 |     876 |     101 |  10.3 |      24 |       2 |   7.7
        D:6 |    1284 |      14 |   1.1 |      26 |       1 |   3.7
        D:7 |    1086 |       0 |   0.0 |      16 |       0 |   0.0
    Ossuary |       0 |     261 | 100.0 |       0 |      27 | 100.0
     Bailey |       0 |     675 | 100.0 |       0 |      12 | 100.0
            +---------+---------+-------+---------+---------+-------
